 Dungeon Crawl Stone Soup version 0.25.0-26-g0c896c7088 (webtiles) character file.

Game seed: 7358123452211931513

417 Lekan the Covered (level 6, -1/47 HPs)
             Began as a Demonspawn Fighter on June 24, 2020.
             Was an Initiate of Okawaru.
             Splashed by a jelly's acid (7 damage)
             ... on level 5 of the Dungeon on July 2, 2020.
             The game lasted 00:17:50 (5289 turns).

Lekan the Covered (Demonspawn Fighter)              Turns: 5289, Time: 00:17:52

Health: -1/47      AC: -1    Str: 19    XL:     6   Next: 61%
Magic:  6/6        EV:  5    Int:  9    God:    Okawaru [......]
Gold:   232        SH:  9    Dex: 16    Spells: 5/5 levels left

rFire    + + .     SeeInvis .   q - +0 short sword
rCold    x x .     Gourm    .   y - +0 kite shield
rNeg     . . .     Faith    .   A - +0 chain mail
rPois    .         Spirit   .   (no helmet)
rElec    .         Reflect  .   (no cloak)
rCorr    .         Harm     .   (no gloves)
MR       .....                  G - +0 pair of boots
Stlth    ..........             e - amulet of magic regeneration
HPRegen  0.15/turn              D - ring of fire
MPRegen  0.35/turn              H - ring of fire

@: mighty, corroded
A: thin skeletal structure 2, foul stench 1, rot immunity
a: Renounce Religion


You were on level 5 of the Dungeon.
You worshipped Okawaru.
Okawaru was noncommittal.
You were not hungry.

You visited 2 branches of the dungeon, and saw 6 of its levels.

You collected 232 gold pieces.

Inventory:

Hand Weapons
 g - a +0 whip
 m - a +0 dagger
 q - a +0 short sword (weapon)
Missiles
 r - 7 poisoned darts (quivered)
Armour
 a - a +0 scale mail
 b - a +0 kite shield
 u - a +0 chain mail
 y - a +0 kite shield (worn)
 A - a +0 chain mail (worn)
 G - a +0 pair of boots (worn)
Magical Staves
 v - an uncursed staff of summoning
Jewellery
 e - an amulet of magic regeneration (around neck)
 D - a ring of fire (left hand)
 H - a ring of fire (right hand)
Wands
 B - a wand of flame (20)
Scrolls
 f - 3 scrolls of identify
 h - a scroll of enchant weapon
 i - a scroll of remove curse {unknown}
 j - a scroll of teleportation {unknown}
 n - a scroll of fog {unknown}
 o - 2 scrolls of amnesia {unknown}
 w - a scroll of immolation {unknown}
Potions
 k - a potion of resistance {unknown}
 l - 2 potions of brilliance {unknown}
 p - 2 potions of stabbing {unknown}
 s - a potion of mutation {unknown}
 t - a potion of magic {unknown}
 x - a potion of heal wounds {unknown}
 z - a potion of cancellation {unknown}
 C - a potion of invisibility {unknown}
 E - a potion of flight {unknown}
 I - 2 potions of curing {unknown}
 J - a potion of berserk rage {unknown}
Comestibles
 d - 5 rations
 F - a chunk of flesh


   Skills:
 + Level 3.6 Fighting
 + Level 3.1 Short Blades
 + Level 1.8 Throwing
 + Level 3.9 Armour
 + Level 1.1 Dodging
 + Level 0.3 Stealth
 + Level 3.6 Shields
 + Level 2.2 Unarmed Combat


You had 5 spell levels left.
You didn't know any spells.
Your spell library was empty.

Dungeon Overview and Level Annotations

Branches:
Dungeon (5/15)             Temple (1/1) D:5

Altars:
Ashenzari
Cheibriados
Dithmenos
Elyvilon
Fedhas
Gozag
Hepliaklqana
Kikubaaqudgha
Nemelex Xobeh
Okawaru
Qazlal
Ru
Sif Muna
Uskayaw
Vehumet
Wu Jian
Yredelemnul
Zin
The Shining One


Innate Abilities, Weirdness & Mutations

You have a moderately thin skeletal structure. (Dex +4, Stealth+)
You may emit foul miasma when damaged in melee.
You are immune to rotting.


Message History

The jelly is lightly wounded.
The jelly hits you but does no damage.
You hit the jelly but do no damage.
Your hands burn!
The jelly is lightly wounded.
The jelly hits you but does no damage.
You are too injured to fight recklessly!
Okay, then.
You feel very mighty all of a sudden. You block the jelly's attack.
You hit the jelly.
Your hands burn!
The jelly is heavily wounded.
The jelly hits you.
You are splashed with acid!
* * * LOW HITPOINT WARNING * * *
You puncture the jelly!
Your hands burn!
* * * LOW HITPOINT WARNING * * *
The jelly is almost dead.
The jelly hits you.
* * * LOW HITPOINT WARNING * * *
The acid corrodes you!
You are splashed with acid!
You die...

.###.#.## #....###....#
..%.....# ##..#.#.#..##
#.#.#.#.# ##...#...##
......[.# ##...#...#
..#.#.#.# ##..#.....###
........####..###.##...#
.(#.#.#.#....###........
..(.(...#.#### #.#######
####..J@...# #.
#######.# #. .# #. .# #.
.# .# .#


You could see a jelly (sick).

Vanquished Creatures
  Eustachio (D:4)
  An ogre (D:4)
  An orc priest (Temple)
  An iguana (D:5)
  4 adders
  2 oozes (D:4)
  A worm (D:2)
  6 dart slugs
  A leopard gecko (D:3)
  6 orcs
  2 ball pythons
  6 bats
  2 giant cockroaches
  6 hobgoblins
  4 jackals (D:1)
  4 quokkas
  8 frilled lizards
  7 goblins
  8 kobolds
  A leopard gecko skeleton (D:3)
  9 rats
81 creatures vanquished.

Notes
Turn   | Place    | Note
-------+----------+-------------------------------------------
     0 | D:1      | Lekan the Demonspawn Fighter began the quest for the Orb.
     0 | D:1      | Reached XP level 1. HP: 18/18 MP: 1/1
   364 | D:1      | Gained mutation: You are immune to rotting. [demonic
                  | ancestry]
   364 | D:1      | Reached XP level 2. HP: 24/24 MP: 2/2
   936 | D:1      | Gained mutation: You have a somewhat thin skeletal
                  | structure. (Dex +2, Stealth) [demonic ancestry]
   936 | D:1      | Reached XP level 3. HP: 19/29 MP: 3/3
  2604 | D:3      | Reached skill level 1 in Short Blades
  2675 | D:3      | Found a sparkling altar of Nemelex Xobeh.
  2688 | D:3      | Upgraded the game from 0.25.0-11-g1f837a76a1 to
                  | 0.25.0-26-g0c896c7088
  2868 | D:3      | Gained mutation: You may emit foul miasma when damaged in
                  | melee. [demonic ancestry]
  2868 | D:3      | Reached XP level 4. HP: 34/35 MP: 4/4
  3523 | D:4      | Noticed an ogre
  3618 | D:4      | Killed an ogre
  3618 | D:4      | Reached XP level 5. HP: 20/41 MP: 5/5
  3829 | D:4      | Found a shimmering blue altar of Sif Muna.
  4061 | D:4      | Reached skill level 1 in Throwing
  4222 | D:4      | Noticed Eustachio
  4245 | D:4      | Killed Eustachio
  4245 | D:4      | Reached skill level 1 in Dodging
  4245 | D:4      | Gained mutation: You have a moderately thin skeletal
                  | structure. (Dex +4, Stealth+) [demonic ancestry]
  4245 | D:4      | Reached XP level 6. HP: 41/47 MP: 6/6
  4677 | D:5      | Entered Level 5 of the Dungeon
  4695 | D:5      | Found a staircase to the Ecumenical Temple.
  4707 | Temple   | Entered the Ecumenical Temple
  4993 | Temple   | Became a worshipper of Warmaster Okawaru
  5289 | D:5      | Splashed by a jelly's acid

Illustrated notes

Levels and vault maps discovered:
D:1:      minmay_arrival_plants_in_alcoves, layout_rooms
D:2:      layout_basic
D:3:      layout_loops_corners, nemelex_xobeh_ov_fountains_minmay
D:4:      layout_loops_corners, lemuel_crystal_altar, first_ration,
          uniq_eustachio
D:5:      layout_rooms, minmay_temple_entry_arrows, serial_co_window_serial,
          co_window_cross_1, co_window_paths_a, co_window_paths_b,
          co_window_of_opportunity_a, co_window_cross_1, co_window_corner_b,
          co_window_broadway_a, co_window_paths_c, co_window_broadway_a,
          co_window_paths_e, glass_columns_b, glass_columns_a
Temple:   minmay_crystal_spiral_temple

Skill      XL: |  1  2  3  4  5 |
---------------+----------------+-----
Shields        | 3 |  3.6
Unarmed Combat | 2 |  2.2
Armour         | 3 |  3.9
Short Blades   | 1 2 3 |  3.1
Throwing       | 1 |  1.8
Dodging        | 1 |  1.1
Fighting       | |  3.6
Stealth        | |  0.3

Action                   |  1- 3 |  4- 6 || total
-------------------------+-------+-------++-------
Melee: Unarmed           |    69 |       ||    69
       Dagger            |    73 |       ||    73
       Whip              |    19 |       ||    19
       Short sword       |   108 |   143 ||   251
Throw: Dart              |     6 |    22 ||    28
  Use: Scroll            |       |     2 ||     2
       Potion            |       |     1 ||     1
  Eat: Chunk             |     6 |     7 ||    13
       Ration            |       |     1 ||     1
Armor: Scale mail        |    90 |       ||    90
       Chain mail        |    37 |    75 ||   112
Dodge: Dodged            |    57 |    24 ||    81
Block: Kite shield       |   132 |    59 ||   191
